 Dungeon Crawl Stone Soup version 0.29-a0-218-gf2abdc9806 (webtiles) character file.

Game seed: 1756072968282295937

809 Colgate the Destroyer (level 7, -7/46 HPs)
             Began as a Demonspawn Conjurer on Feb 25, 2022.
             Was an Initiate of Yredelemnul.
             Mangled by a water moccasin (8 damage)
             ... on level 6 of the Dungeon.
             The game lasted 00:16:56 (6047 turns).

Colgate the Destroyer (Demonspawn Conjurer)         Turns: 6047, Time: 00:16:56

Health: -7/46      AC:  5    Str:  7    XL:     7   Next: 61%
Magic:  0/13       EV: 12    Int: 21    God:    Yredelemnul [......]
Gold:   312        SH:  0    Dex: 12    Spells: 7/14 levels left

rFire   + . .      SeeInvis .   h - +0 short sword (speed)
rCold   . . .      Faith    .   (no shield)
rNeg    . . .      Spirit   +   a - +0 robe
rPois   .          Reflect  .   (helmet restricted)
rElec   .          Harm     .   x - +0 cloak
rCorr   .          Rampage  .   (no gloves)
Will    +....                   (no boots)
Stlth   ++........              p - amulet of guardian spirit
HPRegen 0.15/turn               f - ring of protection from fire
MPRegen 0.13/turn               w - ring of willpower

@: lethally poisoned (-7 -> -28)
A: horns 1, slimy green scales 1, demonic magic 1
a: Renounce Religion, Recall Undead Harvest


You were on level 6 of the Dungeon.
You worshipped Yredelemnul.
Yredelemnul was noncommittal.
You visited 1 branch of the dungeon, and saw 6 of its levels.

You collected 312 gold pieces.

Inventory:

Hand Weapons
 e - a +0 short sword
 h - a +0 short sword of speed (weapon)
Armour
 a - a +0 robe (worn)
 x - a +0 cloak (worn)
Jewellery
 f - a ring of protection from fire (left hand)
 p - an amulet of guardian spirit (around neck)
 w - a ring of willpower (right hand)
Wands
 v - a wand of flame (15)
 y - a wand of acid (10) {@v1}
Scrolls
 b - 4 scrolls of teleportation {@r3}
 c - a scroll of immolation {unknown}
 d - a scroll of amnesia {unknown}
 k - 2 scrolls of fog {unknown}
 l - 3 scrolls of magic mapping {unknown}
 m - a scroll of blinking {unknown}
 n - 2 scrolls of vulnerability {unknown}
 u - 2 scrolls of identify {unknown}
 z - a scroll of holy word {unknown}
 A - a scroll of silence {unknown}
 B - a scroll of summoning {unknown}
Potions
 g - 3 potions of curing {unknown}
 i - 2 potions of might {unknown}
 j - a potion of magic {unknown}
 o - a potion of attraction {unknown}
 q - a potion of ambrosia {unknown}
 r - a potion of flight {unknown}
 s - a potion of resistance {unknown}
 t - a potion of lignification {unknown}


   Skills:
 - Level 1.7 Dodging
 - Level 1.7 Stealth
 - Level 0.1 Unarmed Combat
 - Level 4.1 Spellcasting
 + Level 8.0 Conjurations
 - Level 2.9 Hexes


You had 7 spell levels left.
You knew the following spells:

 Your Spells              Type           Power      Damage    Failure   Level
a - Magic Dart            Conj           100%       1d8       1%          1
b - Searing Ray           Conj           74%        2d7       1%          2
c - Fulminant Prism       Conj/Hex       13%        3d9       12%         4

Your spell library contained the following spells:

 Spells                   Type           Power      Damage    Failure   Level
 Dazzling Flash           Conj/Hex       54%        N/A       3%          3
 Iskenderun's Mystic Bla  Conj/Tloc      21%        2d6       22%         4


Dungeon Overview and Level Annotations

Branches:
Dungeon (6/15)             Temple (0/1) D:4

Altars:
Yredelemnul


Innate Abilities, Weirdness & Mutations

You have a pair of small horns on your head.
You are partially covered in slimy green scales. (AC +2)
Spells you cast may paralyse adjacent enemies.


Message History

The blast of energy engulfs the jelly!!
You kill the jelly!
The blast of energy engulfs the phantom!
A black mist starts to gather...
Your Conjurations skill increases to level 8!
You hit the water moccasin. You headbutt the water moccasin.
The water moccasin bites you.
You are poisoned.
The water moccasin poisons you!
You barely miss the water moccasin.
Your headbutt misses the water moccasin.
You feel very sick. The water moccasin bites you. x2
You are lethally poisoned!
The water moccasin poisons you!
You closely miss the water moccasin.
Your headbutt misses the water moccasin.
* * * LOW HITPOINT WARNING * * *
You feel very sick. The water moccasin barely misses you.
You closely miss the water moccasin.
Your headbutt misses the water moccasin.
* * * LOW HITPOINT WARNING * * *
You feel very sick. The water moccasin bites you.
* * * LOW HITPOINT WARNING * * *
You closely miss the water moccasin. You headbutt the water moccasin.
* * * LOW HITPOINT WARNING * * *
You feel very sick. The water moccasin bites you.
* * * LOW HITPOINT WARNING * * *
You are more poisoned.
The water moccasin poisons you!
You miss the water moccasin.
* * * LOW HITPOINT WARNING * * *
You feel very sick.
Your spectral jelly closely misses the phantom.
The water moccasin bites you!
You die...
Your body rises from the dead as a mindless zombie.

..........#....##........
..#.#.....#.##...##......
. ########..Z.....##.....
#..Z....... .....
#......#.. ..<. ##....###
#... #....# #.ZZ###
#..WS@# ###.### ###


You could see a phantom (ally target), a water moccasin, a friendly spectral
jelly and a friendly orc zombie.

Vanquished Creatures
  A black bear (D:5)
  An ice beast (D:5)
  An ogre (D:5)
  2 scorpions (D:5)
  4 jellies
  A hound (D:6)
  2 iguanas
  7 adders
  A white imp (D:6)
  2 worms
  3 dart slugs
  7 orcs
  7 endoplasms
  3 giant cockroaches (D:1)
  5 goblins
  4 hobgoblins
  4 jackals (D:4)
  7 quokkas
  10 ball pythons
  3 bats
  6 frilled lizards
  7 kobolds
  8 rats
96 creatures vanquished.

Vanquished Creatures (collateral kills)
  An iguana (D:4)
  An adder (D:2)
  2 worms (D:3)
  An orc (D:4)
  2 ball pythons
  An endoplasm (D:3)
  2 hobgoblins
10 creatures vanquished.

Vanquished Creatures (others)
  A scorpion zombie (D:5)
  A spectral jelly (D:5)
  An adder zombie (D:3)
  2 jackal zombies (D:4)
  A kobold zombie (D:4)
  2 orc zombies
  A quokka zombie (D:5)
  21 fulminant prisms
  A fungus (D:2)
  2 plants (D:2)
33 creatures vanquished.

Grand Total: 139 creatures vanquished

Notes
Turn   | Place    | Note
-------+----------+-------------------------------------------
     0 | D:1      | Colgate the Demonspawn Conjurer began the quest for the
                  | Orb.
     0 | D:1      | Reached XP level 1. HP: 13/13 MP: 3/3
   294 | D:1      | Gained mutation: Spells you cast may paralyse adjacent
                  | enemies. [demonic ancestry]
   294 | D:1      | Reached XP level 2. HP: 19/19 MP: 1/5
   302 | D:1      | Learned a level 2 spell: Searing Ray
  1226 | D:1      | Reached skill level 5 in Conjurations
  1294 | D:1      | Reached XP level 3. HP: 24/24 MP: 2/6
  2197 | D:2      | HP: 1/24 [worm (8)]
  2536 | D:2      | Gained mutation: You are partially covered in slimy green
                  | scales. (AC +2) [demonic ancestry]
  2536 | D:2      | Reached XP level 4. HP: 25/30 MP: 1/7
  2592 | D:2      | Found a faded altar of an unknown god.
  2600 | D:2      | Prayed at the altar of an unknown god.
  2600 | D:2      | Became a worshipper of Yredelemnul the Dark
  2973 | D:3      | Reached skill level 6 in Conjurations
  2978 | D:3      | Reached * piety under Yredelemnul
  3226 | D:3      | Reached XP level 5. HP: 35/35 MP: 8/8
  3959 | D:4      | Found a staircase to the Ecumenical Temple.
  4008 | D:4      | Learned a level 4 spell: Fulminant Prism
  4123 | D:4      | Gained mutation: You have a pair of small horns on your
                  | head. [demonic ancestry]
  4123 | D:4      | Reached XP level 6. HP: 41/41 MP: 1/12
  4327 | D:4      | Reached ** piety under Yredelemnul
  4667 | D:5      | Entered Level 5 of the Dungeon
  4703 | D:5      | Reached skill level 1 in Hexes
  4937 | D:5      | Noticed an ice beast
  4954 | D:5      | Killed an ice beast
  5373 | D:5      | Reached XP level 7. HP: 46/46 MP: 1/13
  5499 | D:5      | Reached skill level 7 in Conjurations
  6037 | D:6      | Reached skill level 8 in Conjurations
  6047 | D:6      | HP: 1/46 [poisoned by a water moccasin]
  6047 | D:6      | Mangled by a water moccasin

Illustrated notes

Levels and vault maps discovered:
D:1:      sevenhm_arrival_forest_fort_small_3, layout_loops_cross
D:2:      layout_rooms, shapermc_ecumenical_altar_mp_ritualfount
D:3:      layout_rooms, minmay_misc_feat_more_columns, minivault_19,
          st_stairs_6, hangedman_decor_points
D:4:      layout_loops_ring, minmay_temple_entry_sparse_star, serial_glass,
          glass_columns_a, glass_columns_a
D:5:      layout_basic, kennysheep_boxes
D:6:      layout_cave_pools, uniq_eustachio

Skill      XL: |  1  2  3  4  5  6  7 |
---------------+----------------------+-----
Conjurations   | 5 6 8 |  8.0
Spellcasting   | 4 |  4.1
Hexes          | 2 |  2.9
Dodging        | |  1.7
Stealth        | |  1.7
Unarmed Combat | |  0.1

Action                   |  1- 3 |  4- 6 |  7- 9 || total
-------------------------+-------+-------+-------++-------
Melee: Unarmed           |    67 |       |       ||    67
       Short sword       |    16 |     2 |    11 ||    29
       Headbutt          |       |     1 |     3 ||     4
 Cast: Magic Dart        |    58 |    49 |       ||   107
       Searing Ray       |    18 |    22 |       ||    40
       Fulminant Prism   |       |     8 |    13 ||    21
Invok: Recall Undead Har |       |     1 |       ||     1
  Use: Scroll            |       |       |     1 ||     1
Armor: Robe              |    34 |     4 |     2 ||    40
Dodge: Dodged            |    92 |     8 |     5 ||   105

Table legend: (Time is in decaauts)
 A = Elapsed time spent in this place.
 B = Non-inter-level travel time spent in this place.
 C = Inter-level travel time spent in this place.
 D = Time resting spent in this place.
 E = Time spent auto-exploring this place.
 F = Levels seen in this place.
 G = Mean time per level.
                   A        B        C        D        E       F      G
               +--------+--------+--------+--------+--------+-----+--------+
         Total |   6054 |   5821 |    233 |      0 |   4851 |   6 | 1009.0 |
       Dungeon |   6054 |   5821 |    233 |      0 |   4851 |   6 | 1009.0 |
               +--------+--------+--------+--------+--------+-----+--------+

Top non-repeatable levels by time:
     D:1: 1812 daAuts
     D:5: 1307 daAuts
     D:2: 1085 daAuts
     D:4: 1046 daAuts
     D:3: 722 daAuts
     D:6: 80 daAuts
